 Dungeon Crawl Stone Soup version 0.28.0-53-g5a82cb258f (webtiles) character file.

Game seed: 5797246088076462213

16 moldycheese5 the Skirmisher (level 2, -7/24 HPs)
             Began as a Demonspawn Abyssal Knight on June 17, 2022.
             Was a Follower of Lugonu.
             Mangled by a hobgoblin
             ... wielding a +2 mace of protection
              (8 damage)
             ... on level 1 of the Dungeon.
             The game lasted 00:00:36 (483 turns).

moldycheese5 the Skirmisher (DsAK)                   Turns: 483, Time: 00:00:36

Health: -7/24      AC:  3    Str: 13    XL:     2   Next: 41%
Magic:  3/3        EV: 11    Int: 11    God:    Lugonu [*.....]
Gold:   13         SH:  0    Dex: 13    Spells: 1/1 levels left

rFire   . . .      SeeInvis .   a - +1 falchion
rCold   . . .      Faith    .   (no shield)
rNeg    . . .      Spirit   .   b - +0 leather armour
rPois   .          Reflect  .   (no helmet)
rElec   .          Harm     .   (no cloak)
rCorr   .          Rampage  .   (no gloves)
Will    .....                   (no boots)
Stlth   +.........              (no amulet)
HPRegen 0.08/turn               (no ring)
MPRegen 0.08/turn               (no ring)

@: no status effects
A: spiny 1
a: Renounce Religion, Depart the Abyss


You were on level 1 of the Dungeon.
You worshipped Lugonu.
Lugonu was aware of your devotion.
You visited 1 branch of the dungeon, and saw 2 of its levels.
You visited the Abyss 1 time.

You collected 13 gold pieces.

Inventory:

Hand Weapons
 a - a +1 falchion (weapon)
Armour
 b - a +0 leather armour (worn)
Jewellery
 c - a ring of flight


   Skills:
 + Level 3.6 Fighting
 + Level 1.8 Long Blades
 + Level 1.9 Armour
 + Level 1.0 Dodging
 + Level 2.5 Invocations


You had one spell level left.
You didn't know any spells.
Your spell library was empty.

Dungeon Overview and Level Annotations

Branches:
Dungeon (2/15)

Altars:

Annotations:
D:2 Terence


Innate Abilities, Weirdness & Mutations

You are partially covered in sharp spines.


Message History

The bat is heavily wounded.
The bat hits you but does no damage. The bat is struck by your spines.
You kill the bat!
Lugonu accepts your kill.
You slash the endoplasm!
You kill the endoplasm!
Lugonu accepts your kill.
You hit the ball python but do no damage.
The ball python is struck by your spines.
The ball python bites you.
You barely miss the ball python.
The ball python is severely wounded.
The ball python bites you but does no damage.
The ball python is struck by your spines.
You kill the ball python!
Lugonu accepts your kill.
No target in view!
No target in view!
No target in view!
A hobgoblin and a rat come into view.
The hobgoblin is wielding a +2 mace of protection.
The hobgoblin shouts!
You hit the hobgoblin.
The hobgoblin is lightly wounded.
The hobgoblin hits you with a +2 mace of protection.
The hobgoblin is struck by your spines.
The hobgoblin hits you with a +2 mace of protection!
You are too injured to fight recklessly!
You are too injured to fight recklessly!
You are too injured to fight recklessly!
You are too injured to fight recklessly!
You hit the hobgoblin but do no damage.
The hobgoblin is heavily wounded.
The hobgoblin is struck by your spines.
The hobgoblin hits you with a +2 mace of protection!
* * * LOW HITPOINT WARNING * * *
You barely miss the hobgoblin.
The hobgoblin is almost dead.
The hobgoblin hits you with a +2 mace of protection!
You die...

##.# ..## ### # ###
#.. ..## ...#### ##
##.####+##
..##..##....
##......# #.#..g.r.#
##.....# #.#.@##
####.....####.##..##
#..).##........##.†#
#.##.##.##..#...†..#
#.#.........#.##..##
..#####....##..####.
### #.###.........#
###.# #..
#.##.###### ....#
... #.# .#


You could see a hobgoblin and a rat.

Vanquished Creatures
  2 bats (D:1)
  An endoplasm (D:1)
  A goblin (D:1)
  4 jackals (D:1)
  A kobold (D:1)
  A quokka (D:1)
  A ball python (D:1)
  3 rats (D:1)
14 creatures vanquished.

Notes
Turn   | Place    | Note
-------+----------+-------------------------------------------
     0 | Abyss:1  | moldycheese5 the Demonspawn Abyssal Knight began the quest
                  | for the Orb.
     0 | Abyss:1  | Reached XP level 1. HP: 18/18 MP: 2/2
     0 | D:1      | Escaped the Abyss
    60 | D:1      | You fall into a shaft and drop 1 floor!
    60 | D:2      | Noticed Terence
   373 | D:1      | Reached skill level 1 in Dodging
   373 | D:1      | Gained mutation: You are partially covered in sharp spines.
                  | [demonic ancestry]
   373 | D:1      | Reached XP level 2. HP: 19/24 MP: 3/3
   399 | D:1      | Reached * piety under Lugonu
   482 | D:1      | HP: 1/24 [hobgoblin/+2 mace of protection (8)]
   483 | D:1      | Mangled by a hobgoblin

Illustrated notes

Levels and vault maps discovered:
D:1:      dpeg_arrival_radiant, layout_basic, basic_ecumenical_altar,
          serial_shops, nicolae_shop_crystal, nicolae_shop_window_shopping,
          shop, shop, st_stairs_7, minmay_close_crescents
D:2:      layout_basic, uniq_robin, uniq_terence

Skill      XL: |  1 |
---------------+----+-----
Dodging        | 1 |  1.0
Fighting       | |  3.6
Long Blades    | |  1.8
Armour         | |  1.9
Invocations    | |  2.5

Action                   || total
-------------------------++-------
Melee: Falchion          ||    33
Invok: Depart the Abyss  ||     1
Armor: Leather armour    ||     6
Dodge: Dodged            ||    18
